 Dungeon Crawl Stone Soup version 0.27.0-1-g7a089689b8 (webtiles) character file.

Game seed: 16252161043176648421

851 theswoord the Cruncher (level 7, -2/45 HPs)
             Began as a Demonspawn Gladiator on Aug 7, 2021.
             Slain by a gnoll shaman (8 damage)
             ... on level 4 of the Dungeon.
             The game lasted 00:07:29 (3709 turns).

theswoord the Cruncher (Demonspawn Gladiator)       Turns: 3709, Time: 00:07:29

Health: -2/45      AC:  9    Str: 16    XL:     7   Next: 69%
Magic:  7/7        EV: 11    Int:  9    God:
Gold:   234        SH:  0    Dex: 15    Spells: 6/6 levels left

rFire    . . .     SeeInvis .   a - +1 quarterstaff
rCold    . . .     Faith    .   (shield currently unavailable)
rNeg     . . .     Spirit   .   f - +4 ring mail
rPois    +         Reflect  .   (helmet restricted)
rElec    .         Harm     .   (no cloak)
rCorr    .         Rampage  .   (no gloves)
Will     .....                  (no boots)
Stlth    +.........             (no amulet)
HPRegen  0.15/turn              m - ring of poison resistance
MPRegen  0.10/turn              (no ring)

@: no status effects
A: horns 1, talons 2, powered by death 1, frail 1
a: no special abilities


You were on level 4 of the Dungeon.
You visited 1 branch of the dungeon, and saw 5 of its levels.

You collected 234 gold pieces.

Inventory:

Hand Weapons
 a - a +1 quarterstaff (weapon)
Missiles
 d - 3 throwing nets (quivered)
Armour
 b - a +0 leather armour
 c - a +0 helmet
 f - a +4 ring mail (worn)
 g - a +0 chain mail
Jewellery
 m - a ring of poison resistance (left hand)
 n - a +6 ring of dexterity
 q - a ring of ice
Scrolls
 h - 2 scrolls of enchant weapon
 i - a scroll of acquirement {unknown}
 l - a scroll of teleportation
 o - a scroll of identify
Potions
 e - a potion of flight
 j - a potion of degeneration
 k - 4 potions of heal wounds
 r - a potion of lignification
 s - a potion of brilliance {unknown}
 t - 2 potions of berserk rage


   Skills:
 - Level 2.0 Fighting
 + Level 8.5 Staves
 - Level 1.7 Throwing
 - Level 2.6 Dodging


You had 6 spell levels left.
You didn't know any spells.
Your spell library was empty.

Dungeon Overview and Level Annotations

Branches:
Dungeon (5/15)             Temple (0/1) D:4

Altars:

Portals:
Abyss: D:3

Annotations:
D:3 2 transporters, sanka's ghost, weakling SpTm


Innate Abilities, Weirdness & Mutations

You have a pair of small horns on your head.
You have razor-sharp toenails.
You regenerate a little health from kills.
You are frail. (-10% HP)


Message History

You kill the adder!
The gnoll hits you with a +0 spear.
You hit the gnoll. You claw the gnoll!
The gnoll is almost dead.
You barely miss the gnoll. You claw the gnoll.
You kill the gnoll!
No target in view!
No target in view!
You climb downwards.
There is a stone staircase leading up here.
The gnoll shaman calls upon its god to speed up the gnoll.
The gnoll seems to speed up.
You climb upwards.
There is a stone staircase leading down here.
You climb downwards.
There is a stone staircase leading up here.
The gnoll hits you from afar with a +0 spear.
The gnoll hits you but does no damage.
The gnoll hits you from afar with a +0 spear!
The gnoll hits you but does no damage.
The gnoll hits you from afar with a +0 spear. x2
The gnoll shaman hits you with a +0 whip!
* * * LOW HITPOINT WARNING * * *
The gnoll barely misses you.
You climb upwards.
There is a stone staircase leading down here.
You hit the gnoll shaman.
The gnoll shaman is lightly wounded.
The gnoll shaman hits you with a +0 whip!
* * * LOW HITPOINT WARNING * * *
You hit the gnoll shaman. Your headbutt misses the gnoll shaman.
The gnoll shaman is moderately wounded.
The gnoll shaman closely misses you.
You hit the gnoll shaman. Your kick misses the gnoll shaman.
The gnoll shaman is heavily wounded.
The gnoll shaman misses you.
You barely miss the gnoll shaman. You claw the gnoll shaman.
The gnoll shaman is heavily wounded.
The gnoll shaman hits you with a +0 whip!
You die...

#........#...........
###.................###
##..#.........#......###
#............##.......##
##..........####.......#
####.......# ##..####..
###.......###..## #..
#.........#.#...# ##..
##...@).....##..###...
#....g..###.##..#.#...
###.....####..........#
#.#.....###....###.###.
##.......##.....# #..##.
#...............# #..##.
########...........##..####..#.
#.##...##......#......###.....(
##.##...##.......#...........##.


You could see a gnoll shaman.

Vanquished Creatures
  Eustachio (D:5)
  A black bear (D:4)
  A necrophage (D:4)
  A centaur (D:5)
  A scorpion (D:5)
  A hound (D:4)
  2 orc priests
  3 orc wizards
  4 gnolls
  11 adders
  3 worms
  A dart slug (D:4)
  18 orcs
  5 ball pythons
  3 bats (D:1)
  5 endoplasms
  5 giant cockroaches
  8 goblins
  5 hobgoblins
  2 jackals (D:1)
  2 quokkas
  2 frilled lizards
  4 kobolds
  6 rats
95 creatures vanquished.

Vanquished Creatures (collateral kills)
  An orc (D:5)
1 creature vanquished.

Grand Total: 96 creatures vanquished

Notes
Turn   | Place    | Note
-------+----------+-------------------------------------------
     0 | D:1      | theswoord the Demonspawn Gladiator began the quest for the
                  | Orb.
     0 | D:1      | Reached XP level 1. HP: 16/16 MP: 1/1
   186 | D:1      | Reached skill level 3 in Staves
   312 | D:1      | Gained mutation: You have sharp toenails. [demonic
                  | ancestry]
   312 | D:1      | Reached XP level 2. HP: 21/22 MP: 2/2
  1085 | D:2      | Found a faded altar of an unknown god.
  1123 | D:2      | Gained mutation: You regenerate a little health from kills.
                  | [demonic ancestry]
  1123 | D:2      | Reached XP level 3. HP: 24/27 MP: 3/3
  1202 | D:2      | You fall into a shaft and drop 2 floors!
  1306 | D:3      | Reached skill level 4 in Staves
  1476 | D:2      | Gained mutation: You have razor-sharp toenails. [demonic
                  | ancestry]
  1476 | D:2      | Reached XP level 4. HP: 23/33 MP: 4/4
  1881 | D:3      | Reached skill level 5 in Staves
  1894 | D:3      | Gained mutation: You have a pair of small horns on your
                  | head. [demonic ancestry]
  1894 | D:3      | Reached XP level 5. HP: 16/38 MP: 5/5
  2196 | D:3      | Found a transporter.
  2240 | D:3      | Found a one-way gate to the infinite horrors of the Abyss.
  2242 | D:3      | Noticed sanka's ghost (weakling SpTm)
  2251 | D:3      | Found a transporter.
  2409 | D:4      | Noticed a black bear
  2415 | D:4      | Killed a black bear
  2416 | D:4      | Reached skill level 6 in Staves
  2416 | D:4      | Reached XP level 6. HP: 38/44 MP: 6/6
  2751 | D:4      | Reached skill level 7 in Staves
  2925 | D:4      | Found a staircase to the Ecumenical Temple.
  3034 | D:5      | Entered Level 5 of the Dungeon
  3034 | D:5      | Noticed Eustachio
  3043 | D:5      | Killed Eustachio
  3044 | D:5      | Reached XP level 7. HP: 26/50 MP: 7/7
  3239 | D:5      | Gained mutation: You are frail. (-10% HP) [potion of
                  | mutation]
  3257 | D:5      | Reached skill level 8 in Staves
  3484 | D:5      | Identified the +4 long sword of Hohat {vamp, Stlth+}
  3709 | D:4      | Slain by a gnoll shaman

Skill      XL: |  1  2  3  4  5  6  7 |
---------------+----------------------+-----
Staves         | 3 4 5 6 7 8 |  8.5
Fighting       | |  2.0
Throwing       | |  1.7
Dodging        | |  2.6

Action                   |  1- 3 |  4- 6 |  7- 9 || total
-------------------------+-------+-------+-------++-------
Melee: Quarterstaff      |    99 |   124 |    49 ||   272
       Kick              |    18 |    36 |     5 ||    59
       Headbutt          |       |    11 |     2 ||    13
  Use: Scroll            |       |     7 |     4 ||    11
       Potion            |       |     1 |     7 ||     8
Armor: Leather armour    |     9 |       |       ||     9
       Ring mail         |    34 |    53 |    33 ||   120
       Skin              |       |       |    85 ||    85
Dodge: Dodged            |    64 |    50 |    42 ||   156

Levels and vault maps discovered:
D:1:      ncdulo_lavacross, layout_loops_ring, minivault_5
D:2:      layout_basic, ebering_ecumenical_altar_sacrificial
D:3:      layout_loops_ring, gammafunk_ghost_abyssal_escape,
          minmay_misc_feat_nine_boxes
D:4:      layout_cave_pools, temple_pool_b, cheibrodos_sewer_entry_drain
D:5:      lemuel_insect_pit, layout_cave_pools, lemuel_zombie_altar_yredelemnul,
          minmay_misc_feat_pillars, lightli_minifort, uniq_eustachio
